 Dungeon Crawl Stone Soup version 0.27-a0-1548-gf8a67e7463 (webtiles) character file.

Game seed: 1043265122660206353

2760 pokeman the Thaumaturge (level 9, -4/48 HPs)
             Began as a Deep Elf Hedge Wizard on July 13, 2021.
             Was an Initiate of Vehumet.
             Splashed by an acid dragon's acid (10 damage)
             ... on level 8 of the Dungeon.
             The game lasted 00:21:48 (9779 turns).

pokeman the Thaumaturge (Deep Elf Hedge Wizard)     Turns: 9779, Time: 00:21:49

Health: -4/48      AC: -5    Str:  7    XL:     9   Next: 41%
Magic:  11/26      EV: 17    Int: 23    God:    Vehumet [......]
Gold:   407        SH:  5    Dex: 14    Spells: 19/30 levels left

rFire    . . .     SeeInvis .   b - +2 dagger (venom)
rCold    . . .     Faith    .   (no shield)
rNeg     . . .     Spirit   .   G - +0 steam dragon scales
rPois    +         Reflect  +   d - +0 helmet
rElec    .         Harm     .   (no cloak)
rCorr    .         Rampage  .   (no gloves)
Will     .....                  (no boots)
Stlth    ++........             e - amulet of reflection
HPRegen  0.16/turn              r - +4 ring of evasion
MPRegen  0.20/turn              y - ring of poison resistance

@: corroded, studying Fire Magic
A: no striking features
a: Renounce Religion


You were on level 8 of the Dungeon.
You worshipped Vehumet.
Vehumet was noncommittal.
You visited 2 branches of the dungeon, and saw 9 of its levels.

You collected 407 gold pieces.

Inventory:

Hand Weapons
 b - a +2 dagger of venom (weapon)
Missiles
 h - 9 curare-tipped darts
 i - 80 bolts
 v - 36 arrows
Armour
 d - a +0 helmet (worn)
 G - +0 steam dragon scales (worn)
Magical Staves
 n - a staff of earth
Jewellery
 e - an amulet of reflection (around neck)
 m - a +4 ring of evasion
 r - a +4 ring of evasion (left hand)
 y - a ring of poison resistance (right hand)
 A - a ring of resist corrosion
Wands
 p - a wand of flame (15)
 x - a wand of digging (10)
Scrolls
 c - 2 scrolls of magic mapping {unknown}
 f - 2 scrolls of vulnerability {unknown}
 g - 6 scrolls of identify {unknown}
 k - 4 scrolls of teleportation {unknown}
 u - a scroll of noise {unknown}
 B - 2 scrolls of fear {unknown}
 C - a scroll of enchant weapon {unknown}
 D - a scroll of amnesia {unknown}
 E - a scroll of torment {unknown}
Potions
 a - 3 potions of berserk rage {unknown}
 j - a potion of magic {unknown}
 o - a potion of curing {unknown}
 q - 2 potions of degeneration {unknown}
 s - 2 potions of attraction {unknown}
 t - 3 potions of might {unknown}
 w - a potion of cancellation {unknown}
 z - 2 potions of heal wounds
 F - a potion of flight {unknown}


   Skills:
 + Level 2.2 Fighting
 - Level 3.4 Armour
 - Level 3.0 Dodging
 - Level 3.2 Stealth
 * Level 11.4 Spellcasting
 + Level 6.4 Conjurations
 - Level 1.1 Summonings
 - Level 1.1 Translocations
 + Level 5.5 Fire Magic
 - Level 1.3 Air Magic
 - Level 1.1 Poison Magic
 - Level 1.1 Evocations


You had 19 spell levels left.
You knew the following spells:

 Your Spells              Type           Power      Damage    Failure   Level
a - Magic Dart            Conj           100%       1d8       1%          1
b - Mephitic Cloud        Conj/Pois/Air  26%        N/A       4%          3
c - Call Imp              Summ           18%        N/A       4%          2
d - Blink                 Tloc           N/A        N/A       4%          2
e - Conjure Flame         Conj/Fire      40%        6-21      1%          3

Your spell library contained the following spells:

 Spells                   Type           Power      Damage    Failure   Level
 Slow                     Hex            13%        N/A       8%          2
 Gell's Gravitas          Tloc           9%         N/A       10%         3
 Teleport Other           Tloc           18%        N/A       10%         3
 Frozen Ramparts          Ice            26%        1d4       14%         3
 Summon Ice Beast         Ice/Summ       15%        N/A       36%         4
 Ice Form                 Ice/Tmut       13%        N/A       43%         4
 Dispersal                Tloc           9%         N/A       99%         6


Dungeon Overview and Level Annotations

Branches:
Dungeon (8/15)             Temple (1/1) D:7
   Lair: D:8-11

Altars:
Ashenzari
Cheibriados
Dithmenos
Elyvilon
Fedhas
Gozag
Hepliaklqana
Kikubaaqudgha
Makhleb
Nemelex Xobeh
Okawaru
Qazlal
Ru
Sif Muna
Trog
Uskayaw
Vehumet
Wu Jian
Xom
Yredelemnul
The Shining One

Shops:
D:5 *   D:8 *


Message History

The fire begins to smoulder!
The acid dragon spits acid at you. The splash of acid hits you!
The acid corrodes you!
You are splashed with acid!
* * * LOW HITPOINT WARNING * * *
An orc wizard comes into view. It is wielding a +0 dagger.
The orc is engulfed in noxious fumes.
The orc appears confused.
You hear a shout!
Unknown command.
The fire ignites!
Unknown command.
Unknown command.
Casting: Conjure Flame (safe; 1% risk of failure)
Confirm with . or Enter, or press ? or * to list all spells.
Aiming: Magic Dart (safe; 1% risk of failure)
Press: ? - help, Shift-Dir - straight line, f - orc
Aim: an orc, wielding a +0 short sword (noxious fumes, severely wounded, confused, 100% to hit)
The magic dart hits the orc!
You kill the orc!
Vehumet accepts your kill.
Aiming: Throw Flame
Press: ? - help, Shift-Dir - straight line The puff of flame misses the acid dragon.
The puff of flame hits the acid dragon.
The acid dragon is severely wounded.
Aiming: Throw Flame
Press: ? - help, Shift-Dir - straight line The puff of flame hits the acid dragon.
The acid dragon is severely wounded.
You start resting.
There are monsters nearby!
Aiming: Throw Flame
Press: ? - help, Shift-Dir - straight line The puff of flame misses the acid dragon.
The puff of flame hits the acid dragon.
The acid dragon is severely wounded.
The acid dragon spits acid at you. The splash of acid hits you.
* * * LOW HITPOINT WARNING * * *
The acid corrodes you!
You are splashed with acid!
You die...

.....(......###
..............#####
..#####'#####.....###
####....######...##
#$(###...# ###..##
#$$$$##..# ##..#
#$)$$##.##### ##.##
#$$..$#D....# #..#
#...@#.###..# ##.###
##)$.§D# .# #....
###)..# #.### ..o..##
#..## ##'#### ##.##
... #.# ### #.# #.#
#.#


You could see an acid dragon (catching breath) and an orc wizard.

Vanquished Creatures
  A kobold demonologist (D:7)
  A vampire (D:7)
  A steam dragon (D:6)
  2 water moccasins (D:7)
  2 black bears
  2 sky beasts (D:7)
  3 necrophages
  2 ogres
  A phantom (D:5)
  2 kobold brigands (D:6)
  A gnoll sergeant (D:7)
  A wyvern zombie (D:8)
  A scorpion (D:6)
  A water moccasin skeleton (D:5)
  2 howler monkeys
  A crimson imp (D:5)
  3 centaur zombies
  A centaur skeleton (D:6)
  2 hounds
  A jelly (D:5)
  3 orc priests
  Natasha (thrice) (D:4)
  A bullfrog skeleton (D:5)
  2 iguanas
  2 orc wizards
  A hound skeleton (D:5)
  3 gnolls (D:6)
  12 adders
  2 ufetubi
  A worm (D:3)
  2 dart slugs
  15 orcs
  4 bats
  8 endoplasms
  3 giant cockroaches
  6 goblins
  3 hobgoblins
  2 jackals (D:3)
  10 kobolds
  4 quokkas
  5 ball pythons
  3 rats
126 creatures vanquished.

Vanquished Creatures (collateral kills)
  4 orcs (D:4)
4 creatures vanquished.

Vanquished Creatures (others)
  A kobold (D:6)
  A plant (D:5)
2 creatures vanquished.

Grand Total: 132 creatures vanquished

Notes
Turn   | Place    | Note
-------+----------+-------------------------------------------
     0 | D:1      | pokeman the Deep Elf Hedge Wizard began the quest for the
                  | Orb.
     0 | D:1      | Reached XP level 1. HP: 10/10 MP: 7/7
   314 | D:1      | Reached XP level 2. HP: 16/16 MP: 5/9
  1377 | D:2      | Reached skill level 5 in Spellcasting
  1377 | D:2      | Reached XP level 3. HP: 17/20 MP: 1/11
  1381 | D:2      | Learned a level 3 spell: Mephitic Cloud
  1384 | D:2      | Learned a level 2 spell: Call Imp
  1387 | D:2      | Learned a level 2 spell: Blink
  1391 | D:2      | Learned a level 3 spell: Conjure Flame
  2147 | D:3      | Reached skill level 1 in Armour
  2392 | D:3      | Reached skill level 1 in Fighting
  2479 | D:3      | Found a faded altar of an unknown god.
  2927 | D:3      | Reached XP level 4. HP: 25/25 MP: 7/13
  3588 | D:4      | Reached skill level 1 in Fire Magic
  3644 | D:4      | Noticed Natasha
  3660 | D:4      | Killed Natasha
  3661 | D:4      | Reached skill level 6 in Spellcasting
  3732 | D:4      | Reached XP level 5. HP: 12/29 MP: 1/15
  4093 | D:4      | Noticed Natasha
  4102 | D:4      | Killed Natasha
  4234 | D:4      | Noticed an ogre
  4243 | D:4      | Killed an ogre
  4244 | D:4      | Reached skill level 1 in Air Magic
  4486 | D:4      | Reached XP level 6. HP: 30/34 MP: 13/17
  4582 | D:4      | Noticed Natasha
  4592 | D:4      | Killed Natasha
  4845 | D:5      | Entered Level 5 of the Dungeon
  4871 | D:5      | Reached skill level 7 in Spellcasting
  4871 | D:5      | Reached skill level 1 in Poison Magic
  4871 | D:5      | Reached skill level 1 in Evocations
  5052 | D:5      | Reached XP level 7. HP: 38/38 MP: 1/20
  5637 | D:5      | Found Vatsefit's Elemental Accessories.
  5715 | D:5      | Reached skill level 8 in Spellcasting
  5980 | D:5      | Found an opulent altar of Gozag.
  6302 | D:5      | Found a shimmering altar of Xom.
  6302 | D:5      | Found a burning altar of Makhleb.
  6485 | D:6      | Reached XP level 8. HP: 39/44 MP: 8/22
  6632 | D:6      | Reached skill level 9 in Spellcasting
  6960 | D:6      | Reached skill level 5 in Conjurations
  7184 | D:6      | Found the +10 tower shield of Ignorance {rN+ Int-4}
  7545 | D:6      | Found a sparkling altar of Nemelex Xobeh.
  7706 | D:6      | Reached skill level 10 in Spellcasting
  8027 | D:7      | Noticed a kobold demonologist
  8033 | D:7      | Noticed a sixfirhy
  8305 | D:7      | Found a staircase to the Ecumenical Temple.
  8312 | Temple   | Entered the Ecumenical Temple
  8450 | Temple   | Became a worshipper of Vehumet
  8569 | D:7      | Reached XP level 9. HP: 48/48 MP: 16/25
  8653 | D:7      | Noticed a rust devil
  8673 | D:7      | Noticed a smoke demon
  8677 | D:7      | Killed a kobold demonologist
  8833 | D:7      | Reached skill level 11 in Spellcasting
  8833 | D:7      | Reached skill level 5 in Fire Magic
  9557 | D:8      | Found Juga's Demolitions Depot.
  9779 | D:8      | Splashed by an acid dragon's acid

Illustrated notes

Levels and vault maps discovered:
D:1:      wheals_arrival_shading, layout_basic
D:2:      layout_loops_corners
D:3:      layout_loops_ring, ebering_ecumenical_altar_sacrificial,
          chequers_arboretum, kennysheep_generic_room_6
D:4:      layout_basic, saegor_snake_ambush, uniq_natasha
D:5:      layout_basic, mainiacjoe_overflow_catwalk,
          grunt_temple_overflow_champion_of_chaos, nicolae_elemental_shop,
          nrook_pool_corridor, guppyfry_early_lair_pool
D:6:      layout_loops_ring, mainiacjoe_overflow_alcove_4
D:7:      layout_cave_pods, temple_green, minmay_manual_mess
D:8:      minmay_the_grid_plus_closed [minmay_the_grid_mess,
          minmay_the_grid_aliased_spiral, minmay_the_grid_dragon_a,
          minmay_the_grid_all_tris, minmay_the_grid_prize_shrinking_boxes],
          layout_loops_ring, mainiacjoe_overflow_brackets, nicolae_blasting_shop
Temple:   minmay_crystal_spiral_temple

Skill      XL: |  1  2  3  4  5  6  7  8  9 |
---------------+----------------------------+-----
Spellcasting   | 5 6 7 8 10 11 | 11.4
Armour         | 1 2 3 |  3.4
Fighting       | 1 2 |  2.2
Conjurations   | 2 3 4 5 6 |  6.4
Fire Magic     | 1 3 4 5 |  5.5
Dodging        | 3 |  3.0
Stealth        | 3 |  3.2
Air Magic      | 1 |  1.3
Poison Magic   | 1 |  1.1
Evocations     | 1 |  1.1
Summonings     | |  1.1
Translocations | |  1.1

Action                   |  1- 3 |  4- 6 |  7- 9 || total
-------------------------+-------+-------+-------++-------
Melee: Dagger            |     2 |    21 |    87 ||   110
       Spear             |     1 |       |       ||     1
 Cast: Magic Dart        |   108 |    63 |   160 ||   331
       Mephitic Cloud    |       |     9 |    20 ||    29
       Conjure Flame     |       |     7 |    20 ||    27
       Call Imp          |       |     2 |    11 ||    13
       Blink             |       |     1 |     1 ||     2
Evoke: Wand              |       |       |    23 ||    23
 Stab: Sleeping          |     1 |       |     1 ||     2
       Confused          |       |     3 |     6 ||     9
Armor: Robe              |     1 |       |       ||     1
       Leather armour    |     1 |    10 |    14 ||    25
Dodge: Dodged            |     7 |    27 |    77 ||   111
Block: Other             |     3 |     9 |    28 ||    40

Table legend: (Time is in decaauts)
 A = Elapsed time spent in this place.
 B = Non-inter-level travel time spent in this place.
 C = Inter-level travel time spent in this place.
 D = Time resting spent in this place.
 E = Time spent auto-exploring this place.
 F = Levels seen in this place.
 G = Mean time per level.
                   A        B        C        D        E       F      G
               +--------+--------+--------+--------+--------+-----+--------+
         Total |   9796 |   9410 |    386 |    464 |   7726 |   9 | 1088.4 |
       Dungeon |   9581 |   9270 |    311 |    464 |   7599 |   8 | 1197.6 |
        Temple |    214 |    139 |     75 |      0 |    127 |   1 |  214.0 |
               +--------+--------+--------+--------+--------+-----+--------+

Top non-repeatable levels by time:
     D:6: 1696 daAuts
     D:5: 1565 daAuts
     D:4: 1508 daAuts
     D:7: 1233 daAuts
     D:3: 1228 daAuts
     D:2: 1101 daAuts
     D:1: 1026 daAuts
     D:8: 221 daAuts
  Temple: 214 daAuts
